Royaux vs River Frogs (R1)

Created - January 20, 2021 at 19:03

Goals
1 2 3 T
Royaux 1 2 1 4
River Frogs 1 2 4 7
Shots
1 2 3 T
Royaux 3 4 18 25
River Frogs 10 13 8 31

1st period

1. Royaux , Tye McGinn 26 (Dylan Larkin 33, Phil Oreskovic 8) at 1:43
2. River Frogs , Jared Knight 7 (Shea Theodore 26, Bobby Farnham 7) at 16:45

Penalties :
Kasperi Kapanen (Cap) for Hooking (Minor) at 18:01

2nd period

3. Royaux , Danny Kristo 13 (Marcus Pettersson 23, Jordie Benn 15) at 9:40
4. River Frogs , Emerson Etem 34 (Andrew Gordon 21, David Kolomatis 6) at 10:50
5. Royaux , Kasperi Kapanen 11 (Travis Sanheim 14, Brandon Pirri 17) at 15:38 (PP)
6. River Frogs , Emerson Etem 35 (Andrew Gordon 22, Christian Hanson 29) at 19:25

Penalties :
Tye McGinn (Cap) for Holding (Minor) at 1:35, Marcus Pettersson (Cap) for Hooking (Minor) at 11:08, Matt Grzelcyk (Lou) for Roughing (Minor) at 14:11, Sonny Milano (Cap) for Interference (Minor) at 16:36

3rd period

7. River Frogs , Austin Watson 6 (Mitch Marner 9, Dominik Simon 14) at 3:26
8. Royaux , Ben Hanowski 16 (Dylan Larkin 34) at 4:18 (PP)
9. River Frogs , Matt Calvert 12 (Shea Theodore 27) at 6:50
10. River Frogs , Justin Florek 16 (Bobby Farnham 8, Aaron Ness 11) at 9:18
11. River Frogs , Emerson Etem 36 (Nikita Zadorov 17) at 15:52

Penalties :
Christian Hanson (Lou) for Holding (Minor) at 4:12, Brandon Pirri (Cap) for Interference (Minor) at 9:47, Mathew Barzal (Cap) for Diving (Minor) at 18:48

Goalie Stats

Olivier Roy (Cap), 22 saves from 28 shots - (0.786), L, 11-5-2, 49:18 minutes
Igor Shesterkin (Cap), 2 saves from 3 shots - (0.667), 10:42 minutes
Eric Comrie (Lou), 21 saves from 25 shots - (0.840), W, 5-6-5, 60:00 minutes

Players Stats for Royaux

Player Name              G  A  P  +/- PIM S  H  SB GA TA FO     MP     PP MP  PK MP  
------------------------------------------------------------------------------------
Ben Hanowski             1  0  1  -1  0   2  1  1  0  0  2/3    18:28   0:27   3:35 
Brandon Pirri            0  1  1  -3  2   1  0  1  0  0  0/0    17:20   1:06   0:46 
Brendan Woods            0  0  0   1  0   0  1  0  0  0  0/0    16:26   0:00   6:15 
Danny Kristo             1  0  1   1  0   2  3  0  0  0  8/11   15:53   0:00   6:19 
Dylan Larkin             0  2  2  -1  0   2  2  0  0  0  8/21   14:26   0:27   0:00 
Ian McCoshen             0  0  0  -2  0   0  1  1  0  0  0/0    14:47   0:00   4:11 
Jordie Benn              0  1  1   0  0   3  0  1  1  1  0/0    24:44   1:06   6:55 
Kasperi Kapanen          1  0  1  -3  2   2  0  0  2  0  0/2    17:50   1:06   1:11 
Marcus Pettersson        0  1  1   0  2   3  0  0  1  2  0/0    21:15   1:06   0:00 
Mathew Barzal            0  0  0  -4  2   0  1  1  0  0  6/16   15:36   1:06   0:00 
Mathieu Joseph           0  0  0  -2  0   0  1  0  0  0  0/0     8:37   0:00   0:00 
Phil Oreskovic           0  1  1  -1  0   1  0  0  0  1  0/0    20:09   0:27   4:11 
Rourke Chartier          0  0  0   1  0   1  1  0  0  0  1/1     8:38   0:00   0:00 
Simon Despres            0  0  0  -3  0   0  0  1  1  1  0/0    23:29   0:00   6:55 
Sonny Milano             0  0  0  -2  2   2  0  0  0  0  0/0     8:18   0:00   0:03 
Travis Sanheim           0  1  1  -4  0   1  2  1  0  1  0/0    15:26   0:27   0:00 
Tye McGinn               1  0  1   0  2   4  2  1  2  0  0/0    18:13   0:27   3:22 
Vladislav Namestnikov    0  0  0  -2  0   1  1  1  0  0  1/3     9:13   0:00   0:41 

Players Stats for River Frogs

Player Name              G  A  P  +/- PIM S  H  SB GA TA FO     MP     PP MP  PK MP  
------------------------------------------------------------------------------------
Aaron Ness               0  1  1   1  0   0  0  0  0  0  0/0    10:05   0:00   0:00 
Andrew Gordon            0  2  2   2  0   4  3  0  1  1  2/4    22:16   6:25   0:11 
Austin Watson            1  0  1   1  0   1  0  1  0  0  0/0     7:57   0:00   0:00 
Beau Starrett            0  0  0   0  0   0  0  0  0  0  0/0     0:00   0:00   0:00 
Bobby Farnham            0  2  2   1  0   1  0  0  0  0  0/0    11:26   0:00   0:00 
Christian Hanson         0  1  1   2  2   2  4  0  0  1  15/29  22:52   6:21   0:52 
David Kolomatis          0  1  1   1  0   0  1  0  0  1  0/0    10:05   0:00   0:00 
Dillon Heatherington     0  0  0   0  0   1  0  0  0  0  0/0     4:24   0:00   0:00 
Dominik Simon            0  1  1   1  0   2  2  0  1  0  5/9    16:35   4:31   0:00 
Emerson Etem             3  0  3   2  0   5  2  0  1  0  4/7    22:59   6:21   0:58 
Francis Perron           0  0  0   0  0   0  0  0  0  0  0/0     0:00   0:00   0:00 
Jared Knight             1  0  1   1  0   3  1  0  0  0  5/6    11:26   0:00   0:00 
Joakim Nordstrom         0  0  0   0  0   0  0  0  0  0  0/0     0:58   0:20   0:24 
Justin Florek            1  0  1   1  0   3  0  0  1  0  0/0    11:26   0:00   0:00 
Matt Calvert             1  0  1   1  0   4  1  0  1  0  0/0    16:46   4:31   0:11 
Matt Grzelcyk            0  0  0   0  2   0  0  0  0  1  0/0     4:23   0:00   0:00 
Maxim Mamin              0  0  0   0  0   0  0  0  0  0  0/0     0:30   0:00   0:30 
Mitch Marner             0  1  1   1  0   0  0  0  0  0  0/0     8:15   0:04   0:00 
Morgan Rielly            0  0  0   3  0   1  0  0  0  0  0/0    18:09   4:08   0:35 
Nikita Zadorov           0  1  1   1  0   1  0  4  1  3  0/0    27:22   6:58   0:58 
Ondrej Kase              0  0  0   1  0   1  2  0  0  0  0/0    16:35   4:31   0:00 
Richard Nejezchleb       0  0  0   0  0   0  0  0  0  0  0/0     0:28   0:14   0:00 
Ryan Fitzgerald          0  0  0   1  0   1  2  0  0  0  0/2     7:57   0:00   0:00 
Shea Theodore            0  2  2   3  0   0  0  2  0  0  0/0    18:09   4:08   0:35 
Timothy Kunes            0  0  0   1  0   1  2  2  0  0  0/0    27:22   6:58   0:58 

3 Stars

1 - Emerson Etem (Lou)
2 - Andrew Gordon (Lou)
3 - Shea Theodore (Lou)

Power Play

Royaux - 2 on 2 Attempt(s) - 100.00%
River Frogs - 0 on 6 Attempt(s) - 0.00%

Penalty Kill

Royaux - 6 on 6 Attempt(s) - 100.00% - Score 0 goal in Penalty Kill
River Frogs - 0 on 2 Attempt(s) - 0.00% - Score 0 goal in Penalty Kill

Team Stat

Royaux - Hits : 16 - Faceoff Wins : 26 - Blocked Shots : 9 - Penalty Minutes : 12
River Frogs - Hits : 20 - Faceoff Wins : 31 - Blocked Shots : 9 - Penalty Minutes : 4

Official

Referees : Unknown
Linesman : Unknown

Game Notes

Igor Shesterkin enters game at 9:18 of 3rd period
Emerson Etem has scored a Hat Trick!

Finance

Level 1 -- Attendance: 1412 (70.60%) -- Ticket Income $56,480
Level 2 -- Attendance: 695 (69.50%) -- Ticket Income $13,900
Total Attendance: 2107 (70.23%)
Total Ticket Income: $70,380
Other Income: $3,519
Total Income: $73,899

Royaux

5 vs 5 Forward 
   Center                   Left Wing                Right Wing               Time % Phy DF OF 
 1 Dylan Larkin             Tye McGinn               Ben Hanowski             35     0   2  3  
 2 Mathew Barzal            Brandon Pirri            Kasperi Kapanen          35     0   2  3  
 3 Rourke Chartier          Brendan Woods            Danny Kristo             20     0   2  3  
 4 Vladislav Namestnikov    Sonny Milano             Mathieu Joseph           10     0   3  2  

5 vs 5 Defense 
   Defense                  Defense                                           Time % Phy DF OF 
 1 Travis Sanheim           Simon Despres                                     35     0   3  2  
 2 Jordie Benn              Marcus Pettersson                                 35     0   3  2  
 3 Ian McCoshen             Phil Oreskovic                                    15     0   3  2  
 4 Marcus Pettersson        Phil Oreskovic                                    15     0   3  2  

PowerPlay Forward 
   Center                   Left Wing                Right Wing               Time % Phy DF OF 
 1 Dylan Larkin             Tye McGinn               Ben Hanowski             60     0   1  4  
 2 Mathew Barzal            Brandon Pirri            Kasperi Kapanen          40     0   1  4  

PowerPlay Defense
   Defense                  Defense                                           Time % Phy DF OF 
 1 Jordie Benn              Marcus Pettersson                                 60     0   2  3  
 2 Phil Oreskovic           Travis Sanheim                                    40     0   2  3  

Penalty Kill 4 Players Forward 
   Center                   Wing                     Time % Phy DF OF 
 1 Danny Kristo             Brendan Woods            60     0   4  1  
 2 Ben Hanowski             Tye McGinn               40     0   4  1  

Penalty Kill 4 Players Defense
   Defense                  Defense                  Time % Phy DF OF 
 1 Jordie Benn              Simon Despres            60     1   2  2  
 2 Phil Oreskovic           Ian McCoshen             40     1   2  2  

Penalty Kill - 3 Players Forward 
   Forward                                           Time % Phy DF OF 
 1 Brendan Woods                                     60     0   4  1  
 2 Danny Kristo                                      40     0   4  1  

Penalty Kill - 3 Players Defense
   Defense                  Defense                  Time % Phy DF OF 
 1 Jordie Benn              Simon Despres            60     1   2  2  
 2 Phil Oreskovic           Ian McCoshen             40     1   2  2  

4 vs 4 Forward 
   Center                   Wing                     Time % Phy DF OF 
 1 Dylan Larkin             Tye McGinn               60     0   2  3  
 2 Ben Hanowski             Kasperi Kapanen          40     0   2  3  

4 vs 4 Defense
   Defense                  Defense                  Time % Phy DF OF 
 1 Travis Sanheim           Simon Despres            60     0   3  2  
 2 Marcus Pettersson        Jordie Benn              40     0   3  2  

Last Minutes Offensive
   Center                   Left Wing                Right Wing               Defense                  Defense                  
   Dylan Larkin             Tye McGinn               Ben Hanowski             Marcus Pettersson        Travis Sanheim           

Last Minutes Defensive
   Center                   Left Wing                Right Wing               Defense                  Defense                  
   Tye McGinn               Brendan Woods            Danny Kristo             Phil Oreskovic           Simon Despres            

Goaltenders
Starting : Olivier Roy              
Backup : Igor Shesterkin          

Extra Forwards
Normal : Dylan Larkin, Kasperi Kapanen, Danny Kristo - PP : Sonny Milano, Danny Kristo - PK : Kasperi Kapanen
Extra Defensemen
Normal : Travis Sanheim, Marcus Pettersson, Phil Oreskovic - PP : Simon Despres - PK : Marcus Pettersson, Travis Sanheim
Penalty Shots
Dylan Larkin, Brandon Pirri, Danny Kristo, Sonny Milano, Ben Hanowski

Scratches
Garrett Wilson (Healthy), Troy Terry (Healthy), Tanner Kero (Healthy), Greg McKegg (Healthy), Nikita Pavlychev (Healthy)
Konrad Abeltshauser (Healthy), Dylan DeMelo (Healthy), Tomas Hyka (Healthy), Ryan Pulock (Healthy), Michael Bunting (Healthy)
Ryan Mantha (Healthy), Jack Ramsey (Healthy), Marcus Hogberg (Healthy)

River Frogs

5 vs 5 Forward 
   Center                   Left Wing                Right Wing               Time % Phy DF OF 
 1 Christian Hanson         Emerson Etem             Andrew Gordon            40     1   2  2  
 2 Dominik Simon            Matt Calvert             Ondrej Kase              30     1   2  2  
 3 Jared Knight             Justin Florek            Bobby Farnham            20     1   2  2  
 4 Ryan Fitzgerald          Austin Watson            Mitch Marner             10     1   2  2  

5 vs 5 Defense 
   Defense                  Defense                                           Time % Phy DF OF 
 1 Nikita Zadorov           Timothy Kunes                                     40     1   2  2  
 2 Morgan Rielly            Shea Theodore                                     30     1   2  2  
 3 Aaron Ness               David Kolomatis                                   20     1   2  2  
 4 Dillon Heatherington     Matt Grzelcyk                                     10     1   2  2  

PowerPlay Forward 
   Center                   Left Wing                Right Wing               Time % Phy DF OF 
 1 Christian Hanson         Emerson Etem             Andrew Gordon            60     1   2  2  
 2 Dominik Simon            Matt Calvert             Ondrej Kase              40     1   2  2  

PowerPlay Defense
   Defense                  Defense                                           Time % Phy DF OF 
 1 Nikita Zadorov           Timothy Kunes                                     60     1   2  2  
 2 Morgan Rielly            Shea Theodore                                     40     1   2  2  

Penalty Kill 4 Players Forward 
   Center                   Wing                     Time % Phy DF OF 
 1 Emerson Etem             Christian Hanson         60     1   2  2  
 2 Andrew Gordon            Matt Calvert             40     1   2  2  

Penalty Kill 4 Players Defense
   Defense                  Defense                  Time % Phy DF OF 
 1 Nikita Zadorov           Timothy Kunes            60     1   2  2  
 2 Morgan Rielly            Shea Theodore            40     1   2  2  

Penalty Kill - 3 Players Forward 
   Forward                                           Time % Phy DF OF 
 1 Emerson Etem                                      60     1   2  2  
 2 Christian Hanson                                  40     1   2  2  

Penalty Kill - 3 Players Defense
   Defense                  Defense                  Time % Phy DF OF 
 1 Nikita Zadorov           Timothy Kunes            60     1   2  2  
 2 Morgan Rielly            Shea Theodore            40     1   2  2  

4 vs 4 Forward 
   Center                   Wing                     Time % Phy DF OF 
 1 Emerson Etem             Christian Hanson         60     1   2  2  
 2 Andrew Gordon            Matt Calvert             40     1   2  2  

4 vs 4 Defense
   Defense                  Defense                  Time % Phy DF OF 
 1 Nikita Zadorov           Timothy Kunes            60     1   2  2  
 2 Morgan Rielly            Shea Theodore            40     1   2  2  

Last Minutes Offensive
   Center                   Left Wing                Right Wing               Defense                  Defense                  
   Christian Hanson         Emerson Etem             Andrew Gordon            Nikita Zadorov           Timothy Kunes            

Last Minutes Defensive
   Center                   Left Wing                Right Wing               Defense                  Defense                  
   Christian Hanson         Emerson Etem             Andrew Gordon            Nikita Zadorov           Timothy Kunes            

Goaltenders
Starting : Eric Comrie              
Backup : Thomas Greiss            

Extra Forwards
Normal : Joakim Nordstrom, Richard Nejezchleb, Maxim Mamin - PP : Joakim Nordstrom, Richard Nejezchleb - PK : Maxim Mamin
Extra Defensemen
Normal : Aaron Ness, David Kolomatis, Dillon Heatherington - PP : Aaron Ness - PK : David Kolomatis, Dillon Heatherington
Penalty Shots
Emerson Etem, Christian Hanson, Andrew Gordon, Matt Calvert, Justin Florek

Scratches
Cameron Hughes (Healthy), Phoenix Copley (Healthy)

% Time on Ice - Royaux

Lines # - Real PCT - Wanted PCT - Time Play
Normal Forward
1 - 33% - 35% - 15:33
2 - 32% - 35% - 14:58
3 - 18% - 20% - 8:38
4 - 17% - 10% - 8:12
Normal Defense
1 - 36% - 35% - 16:51
2 - 37% - 35% - 17:27
3 - 16% - 15% - 7:43
4 - 11% - 15% - 5:20
PP Forward
1 - 29% - 60% - 0:27
2 - 71% - 40% - 1:06
PP Defense
1 - 71% - 60% - 1:06
2 - 29% - 40% - 0:27
PK Forward
1 - 68% - 60% - 7:31
2 - 32% - 40% - 3:35
PK Defense
1 - 62% - 60% - 6:55
2 - 38% - 40% - 4:11
PK3 Forward
1 - 0% - 60%
2 - 0% - 40%
PK3 Defense
1 - 0% - 60%
2 - 0% - 40%
44 Forward
1 - 0% - 60%
2 - 0% - 40%
44 Defense
1 - 0% - 60%
2 - 0% - 40%
Last Minute Offensive  - 0:00
Last Minute Defensive  - 0:00
Total
Forward - 60:00
Defense - 60:00

% Time on Ice - River Frogs

Lines # - Real PCT - Wanted PCT - Time Play
Normal Forward
1 - 34% - 40% - 15:54
2 - 25% - 30% - 12:04
3 - 24% - 20% - 11:26
4 - 17% - 10% - 7:57
Normal Defense
1 - 41% - 40% - 19:26
2 - 28% - 30% - 13:26
3 - 21% - 20% - 10:05
4 - 9% - 10% - 4:24
PP Forward
1 - 59% - 60% - 6:35
2 - 41% - 40% - 4:31
PP Defense
1 - 63% - 60% - 6:58
2 - 37% - 40% - 4:08
PK Forward
1 - 88% - 60% - 1:22
2 - 12% - 40% - 0:11
PK Defense
1 - 62% - 60% - 0:58
2 - 38% - 40% - 0:35
PK3 Forward
1 - 0% - 60%
2 - 0% - 40%
PK3 Defense
1 - 0% - 60%
2 - 0% - 40%
44 Forward
1 - 0% - 60%
2 - 0% - 40%
44 Defense
1 - 0% - 60%
2 - 0% - 40%
Last Minute Offensive  - 0:00
Last Minute Defensive  - 0:00
Total
Forward - 60:00
Defense - 60:00

Play-by-Play

1st period


0:01 of 1st period - Christian Hanson wins face-off versus Dylan Larkin in neutral zone.
1:04 of 1st period - Wrist shot by Brendan Woods.
1:04 of 1st period - Shot Misses the Net.
1:34 of 1st period - Aaron Ness is hit by Tye McGinn and loses puck.
1:41 of 1st period - Wrist shot by Tye McGinn.
1:41 of 1st period - Shot Misses the Net.
1:43 of 1st period - Wrist shot by Tye McGinn.
1:43 of 1st period - Goal by Tye McGinn - Royaux : 1 - River Frogs : 0.
1:44 of 1st period - Dominik Simon wins face-off versus Mathew Barzal in neutral zone.
1:51 of 1st period - Wrist shot by Matt Calvert.
1:51 of 1st period - Stopped by Olivier Roy with a rebound.
1:53 of 1st period - Wrist shot by Matt Calvert.
1:53 of 1st period - Shot Misses the Net.
1:55 of 1st period - Slapshot by Dillon Heatherington.
1:55 of 1st period - Deflect By Phil Oreskovic.
1:55 of 1st period - Stopped by Olivier Roy without a rebound.
1:56 of 1st period - Christian Hanson wins face-off versus Mathew Barzal in Royaux zone.
1:59 of 1st period - Snap shot by Andrew Gordon.
1:59 of 1st period - Shot Misses the Net.
2:07 of 1st period - Slapshot by Brandon Pirri.
2:07 of 1st period - Shot Misses the Net.
2:21 of 1st period - Tye McGinn is hit by Dominik Simon and loses puck.
2:48 of 1st period - Marcus Pettersson is hit by Jared Knight and loses puck.
4:27 of 1st period - Slapshot by Justin Florek.
4:27 of 1st period - Shot Misses the Net.
4:29 of 1st period - Slapshot by Dillon Heatherington.
4:29 of 1st period - Deflect By Ryan Fitzgerald.
4:29 of 1st period - Stopped by Olivier Roy without a rebound.
4:30 of 1st period - Mathew Barzal wins face-off versus Ryan Fitzgerald in Royaux zone.
4:45 of 1st period - Slapshot by Mitch Marner.
4:45 of 1st period - Shot Blocked by Brandon Pirri.
5:25 of 1st period - Backhand shot by Emerson Etem.
5:25 of 1st period - Stopped by Olivier Roy without a rebound.
5:26 of 1st period - Dylan Larkin wins face-off versus Christian Hanson in Royaux zone.
5:41 of 1st period - Snap shot by Dylan Larkin.
5:41 of 1st period - Shot Blocked by Shea Theodore.
6:00 of 1st period - Dominik Simon is hit by Vladislav Namestnikov and loses puck.
6:19 of 1st period - Snap shot by Rourke Chartier.
6:19 of 1st period - Stopped by Eric Comrie with a rebound.
6:21 of 1st period - Wrist shot by Danny Kristo.
6:21 of 1st period - Deflect By Aaron Ness.
6:21 of 1st period - Stopped by Eric Comrie without a rebound.
6:22 of 1st period - Mathew Barzal wins face-off versus Christian Hanson in River Frogs zone.
7:18 of 1st period - Snap shot by Justin Florek.
7:18 of 1st period - Stopped by Olivier Roy without a rebound.
7:19 of 1st period - Dylan Larkin wins face-off versus Andrew Gordon in Royaux zone.
8:32 of 1st period - Sonny Milano is hit by Christian Hanson and loses puck.
8:43 of 1st period - Snap shot by Andrew Gordon.
8:43 of 1st period - Stopped by Olivier Roy with a rebound.
9:05 of 1st period - Slapshot by Andrew Gordon.
9:05 of 1st period - Shot Misses the Net.
9:07 of 1st period - Slapshot by Nikita Zadorov.
9:07 of 1st period - Shot Blocked by Jordie Benn.
9:09 of 1st period - Snap shot by Andrew Gordon.
9:09 of 1st period - Stopped by Olivier Roy without a rebound.
9:10 of 1st period - Mathew Barzal wins face-off versus Dominik Simon in Royaux zone.
9:42 of 1st period - Slapshot by Shea Theodore.
9:42 of 1st period - Shot Misses the Net.
9:44 of 1st period - Slapshot by Morgan Rielly.
9:44 of 1st period - Stopped by Olivier Roy with a rebound.
9:46 of 1st period - Snap shot by Shea Theodore.
9:46 of 1st period - Shot Blocked by Travis Sanheim.
9:56 of 1st period - Ryan Fitzgerald is hit by Travis Sanheim.
11:50 of 1st period - Tye McGinn is hit by Ondrej Kase.
12:00 of 1st period - Morgan Rielly is hit by Mathieu Joseph and loses puck.
13:20 of 1st period - Snap shot by Tye McGinn.
13:20 of 1st period - Shot Misses the Net.
13:59 of 1st period - Wrist shot by Brendan Woods.
13:59 of 1st period - Shot Blocked by Shea Theodore.
14:09 of 1st period - Dylan Larkin is hit by Matt Calvert.
15:57 of 1st period - Wrist shot by Rourke Chartier.
15:57 of 1st period - Shot Misses the Net.
16:43 of 1st period - Snap shot by Jared Knight.
16:43 of 1st period - Shot Blocked by Vladislav Namestnikov.
16:45 of 1st period - Slapshot by Jared Knight.
16:45 of 1st period - Goal by Jared Knight - Royaux : 1 - River Frogs : 1.
16:46 of 1st period - Emerson Etem wins face-off versus Mathew Barzal in neutral zone.
17:17 of 1st period - Timothy Kunes is hit by Dylan Larkin and loses puck.
17:42 of 1st period - Wrist shot by Justin Florek.
17:42 of 1st period - Stopped by Olivier Roy without a rebound.
17:43 of 1st period - Emerson Etem wins face-off versus Kasperi Kapanen in Royaux zone.
18:01 of 1st period - Minor Penalty to Kasperi Kapanen for Hooking.
18:02 of 1st period - Danny Kristo wins face-off versus Christian Hanson in Royaux zone.
18:02 of 1st period - Danny Kristo is hit by Emerson Etem.
Goals for this period are 1 for Royaux vs 1 for River Frogs.
Shots for this period are 3 for Royaux vs 10 for River Frogs.

2nd period


0:01 of 2nd period - Penalty to Kasperi Kapanen is over, Kasperi Kapanen is back on ice.
0:01 of 2nd period - Danny Kristo wins face-off versus Christian Hanson in neutral zone.
0:08 of 2nd period - Snap shot by Emerson Etem.
0:08 of 2nd period - Shot Misses the Net.
0:31 of 2nd period - Dylan Larkin is hit by Dominik Simon and loses puck.
0:36 of 2nd period - Wrist shot by Matt Calvert.
0:36 of 2nd period - Stopped by Olivier Roy with a rebound.
0:43 of 2nd period - Icing by Tye McGinn.
0:44 of 2nd period - Jared Knight wins face-off versus Vladislav Namestnikov in Royaux zone.
0:59 of 2nd period - Icing by Nikita Zadorov.
1:00 of 2nd period - Jared Knight wins face-off versus Mathew Barzal in River Frogs zone.
1:15 of 2nd period - Wrist shot by Brandon Pirri.
1:15 of 2nd period - Shot Blocked by Timothy Kunes.
1:35 of 2nd period - Minor Penalty to Tye McGinn for Holding.
1:36 of 2nd period - Christian Hanson wins face-off versus Danny Kristo in Royaux zone.
1:36 of 2nd period - Wrist shot by Andrew Gordon.
1:36 of 2nd period - Stopped by Olivier Roy without a rebound.
1:37 of 2nd period - Danny Kristo wins face-off versus Christian Hanson in Royaux zone.
2:28 of 2nd period - Morgan Rielly is hit by Danny Kristo and loses puck.
3:11 of 2nd period - Kasperi Kapanen is hit by Emerson Etem and loses puck.
3:35 of 2nd period - Penalty to Tye McGinn is over, Tye McGinn is back on ice.
3:38 of 2nd period - Snap shot by Shea Theodore.
3:38 of 2nd period - Deflect By Bobby Farnham.
3:38 of 2nd period - Stopped by Olivier Roy without a rebound.
3:39 of 2nd period - Jared Knight wins face-off versus Vladislav Namestnikov in Royaux zone.
3:44 of 2nd period - Wrist shot by Justin Florek.
3:44 of 2nd period - Shot Misses the Net.
4:05 of 2nd period - Icing by Sonny Milano.
4:06 of 2nd period - Vladislav Namestnikov wins face-off versus Ryan Fitzgerald in Royaux zone.
4:56 of 2nd period - Christian Hanson is hit by Tye McGinn and loses puck.
5:01 of 2nd period - Slapshot by Dylan Larkin.
5:01 of 2nd period - Deflect By Emerson Etem.
5:01 of 2nd period - Shot Misses the Net.
5:01 of 2nd period - Puck is out of play.
5:02 of 2nd period - Christian Hanson wins face-off versus Dylan Larkin in River Frogs zone.
5:29 of 2nd period - Timothy Kunes is hit by Travis Sanheim and loses puck.
6:00 of 2nd period - Backhand shot by Travis Sanheim.
6:00 of 2nd period - Shot Misses the Net.
6:18 of 2nd period - Slapshot by Shea Theodore.
6:18 of 2nd period - Shot Blocked by Mathew Barzal.
6:31 of 2nd period - Marcus Pettersson is hit by Ryan Fitzgerald and loses puck.
7:18 of 2nd period - Wrist shot by Brandon Pirri.
7:18 of 2nd period - Deflect By Kasperi Kapanen.
7:18 of 2nd period - Shot Misses the Net.
7:18 of 2nd period - Puck is out of play.
7:19 of 2nd period - Emerson Etem wins face-off versus Dylan Larkin in River Frogs zone.
7:26 of 2nd period - Ian McCoshen is hit by Christian Hanson and loses puck.
7:33 of 2nd period - Snap shot by Andrew Gordon.
7:33 of 2nd period - Shot Blocked by Tye McGinn.
7:35 of 2nd period - Wrist shot by Christian Hanson.
7:35 of 2nd period - Stopped by Olivier Roy without a rebound.
7:36 of 2nd period - Rourke Chartier wins face-off versus Dominik Simon in Royaux zone.
9:36 of 2nd period - Wrist shot by Sonny Milano.
9:36 of 2nd period - Shot Misses the Net.
9:38 of 2nd period - Slapshot by Jordie Benn.
9:38 of 2nd period - Stopped by Eric Comrie with a rebound.
9:40 of 2nd period - Slapshot by Marcus Pettersson.
9:40 of 2nd period - Deflect By Danny Kristo.
9:40 of 2nd period - Goal by Danny Kristo - Royaux : 2 - River Frogs : 1.
9:41 of 2nd period - Christian Hanson wins face-off versus Dylan Larkin in neutral zone.
10:31 of 2nd period - Jared Knight is hit by Ian McCoshen and loses puck.
10:37 of 2nd period - Shea Theodore is hit by Danny Kristo and loses puck.
10:48 of 2nd period - Slapshot by Andrew Gordon.
10:48 of 2nd period - Stopped by Olivier Roy with a rebound.
10:50 of 2nd period - Snap shot by Emerson Etem.
10:50 of 2nd period - Goal by Emerson Etem - Royaux : 2 - River Frogs : 2.
10:51 of 2nd period - Christian Hanson wins face-off versus Dylan Larkin in neutral zone.
10:58 of 2nd period - Icing by Marcus Pettersson.
10:59 of 2nd period - Christian Hanson wins face-off versus Dylan Larkin in Royaux zone.
11:06 of 2nd period - Wrist shot by Emerson Etem.
11:06 of 2nd period - Shot Blocked by Ben Hanowski.
11:08 of 2nd period - Minor Penalty to Marcus Pettersson for Hooking.
11:09 of 2nd period - Danny Kristo wins face-off versus Christian Hanson in Royaux zone.
11:09 of 2nd period - Danny Kristo is hit by Andrew Gordon.
11:43 of 2nd period - Snap shot by Dominik Simon.
11:43 of 2nd period - Stopped by Olivier Roy with a rebound.
11:45 of 2nd period - Slapshot by Nikita Zadorov.
11:45 of 2nd period - Deflect By Dominik Simon.
11:45 of 2nd period - Shot Misses the Net.
11:45 of 2nd period - Puck is out of play.
11:46 of 2nd period - Ben Hanowski wins face-off versus Christian Hanson in Royaux zone.
12:19 of 2nd period - Ian McCoshen is hit by Ondrej Kase and loses puck.
12:54 of 2nd period - Off-side.
12:55 of 2nd period - Christian Hanson wins face-off versus Ben Hanowski in neutral zone.
13:08 of 2nd period - Penalty to Marcus Pettersson is over, Marcus Pettersson is back on ice.
13:40 of 2nd period - Phil Oreskovic is hit by David Kolomatis and loses puck.
13:55 of 2nd period - Phil Oreskovic is hit by Ryan Fitzgerald.
14:11 of 2nd period - Minor Penalty to Matt Grzelcyk for Roughing.
14:12 of 2nd period - Emerson Etem wins face-off versus Dylan Larkin in River Frogs zone.
14:47 of 2nd period - Snap shot by Marcus Pettersson.
14:47 of 2nd period - Stopped by Eric Comrie with a rebound.
14:57 of 2nd period - Morgan Rielly is hit by Mathew Barzal and loses puck.
15:12 of 2nd period - Wrist shot by Brandon Pirri.
15:12 of 2nd period - Shot Misses the Net.
15:34 of 2nd period - Snap shot by Kasperi Kapanen.
15:34 of 2nd period - Shot Misses the Net.
15:36 of 2nd period - Wrist shot by Kasperi Kapanen.
15:36 of 2nd period - Shot Blocked by Nikita Zadorov.
15:38 of 2nd period - Snap shot by Travis Sanheim.
15:38 of 2nd period - Deflect By Kasperi Kapanen.
15:38 of 2nd period - Goal by Kasperi Kapanen - Royaux : 3 - River Frogs : 2.
15:39 of 2nd period - Dominik Simon wins face-off versus Dylan Larkin in neutral zone.
16:17 of 2nd period - Emerson Etem is hit by Danny Kristo.
16:36 of 2nd period - Minor Penalty to Sonny Milano for Interference.
16:37 of 2nd period - Christian Hanson wins face-off versus Danny Kristo in Royaux zone.
16:50 of 2nd period - Snap shot by Andrew Gordon.
16:50 of 2nd period - Shot Misses the Net.
16:52 of 2nd period - Snap shot by Timothy Kunes.
16:52 of 2nd period - Deflect By Brendan Woods.
16:52 of 2nd period - Stopped by Olivier Roy without a rebound.
16:53 of 2nd period - Christian Hanson wins face-off versus Danny Kristo in Royaux zone.
16:54 of 2nd period - Snap shot by Andrew Gordon.
16:54 of 2nd period - Shot Blocked by Simon Despres.
17:03 of 2nd period - Off-side.
17:04 of 2nd period - Danny Kristo wins face-off versus Emerson Etem in neutral zone.
17:30 of 2nd period - Danny Kristo is hit by Christian Hanson and loses puck.
17:49 of 2nd period - Wrist shot by Andrew Gordon.
17:49 of 2nd period - Shot Misses the Net.
18:14 of 2nd period - Slapshot by Christian Hanson.
18:14 of 2nd period - Stopped by Olivier Roy without a rebound.
18:15 of 2nd period - Danny Kristo wins face-off versus Dominik Simon in Royaux zone.
18:36 of 2nd period - Penalty to Sonny Milano is over, Sonny Milano is back on ice.
18:39 of 2nd period - Icing by Phil Oreskovic.
18:40 of 2nd period - Ben Hanowski wins face-off versus Jared Knight in Royaux zone.
18:45 of 2nd period - Snap shot by Jared Knight.
18:45 of 2nd period - Stopped by Olivier Roy without a rebound.
18:46 of 2nd period - Jared Knight wins face-off versus Mathew Barzal in Royaux zone.
19:23 of 2nd period - Wrist shot by Dominik Simon.
19:23 of 2nd period - Stopped by Olivier Roy without a rebound.
19:24 of 2nd period - Christian Hanson wins face-off versus Mathew Barzal in Royaux zone.
19:25 of 2nd period - Wrist shot by Andrew Gordon.
19:25 of 2nd period - Deflect By Emerson Etem.
19:25 of 2nd period - Goal by Emerson Etem - Royaux : 3 - River Frogs : 3.
19:26 of 2nd period - Andrew Gordon wins face-off versus Dylan Larkin in neutral zone.
19:31 of 2nd period - Slapshot by Timothy Kunes.
19:31 of 2nd period - Shot Misses the Net.
19:33 of 2nd period - Slapshot by Nikita Zadorov.
19:33 of 2nd period - Stopped by Olivier Roy without a rebound.
19:34 of 2nd period - Dylan Larkin wins face-off versus Christian Hanson in Royaux zone.
Goals for this period are 2 for Royaux vs 2 for River Frogs.
Shots for this period are 4 for Royaux vs 13 for River Frogs.

3rd period


0:01 of 3rd period - Dylan Larkin wins face-off versus Christian Hanson in neutral zone.
0:04 of 3rd period - Backhand shot by Jordie Benn.
0:04 of 3rd period - Stopped by Eric Comrie with a rebound.
0:30 of 3rd period - Slapshot by Marcus Pettersson.
0:30 of 3rd period - Stopped by Eric Comrie with a rebound.
0:32 of 3rd period - Slapshot by Marcus Pettersson.
0:32 of 3rd period - Stopped by Eric Comrie without a rebound.
0:33 of 3rd period - Dominik Simon wins face-off versus Kasperi Kapanen in River Frogs zone.
0:58 of 3rd period - Christian Hanson is hit by Dylan Larkin and loses puck.
1:03 of 3rd period - Wrist shot by Dylan Larkin.
1:03 of 3rd period - Shot Misses the Net.
1:05 of 3rd period - Wrist shot by Tye McGinn.
1:05 of 3rd period - Shot Misses the Net.
1:07 of 3rd period - Wrist shot by Tye McGinn.
1:07 of 3rd period - Stopped by Eric Comrie with a rebound.
1:21 of 3rd period - Slapshot by Shea Theodore.
1:21 of 3rd period - Shot Blocked by Ian McCoshen.
1:27 of 3rd period - Wrist shot by Jared Knight.
1:27 of 3rd period - Stopped by Olivier Roy with a rebound.
1:44 of 3rd period - Wrist shot by Sonny Milano.
1:44 of 3rd period - Shot Blocked by Austin Watson.
1:46 of 3rd period - Slapshot by Ian McCoshen.
1:46 of 3rd period - Shot Blocked by Timothy Kunes.
1:48 of 3rd period - Slapshot by Vladislav Namestnikov.
1:48 of 3rd period - Shot Blocked by Nikita Zadorov.
1:50 of 3rd period - Snap shot by Sonny Milano.
1:50 of 3rd period - Stopped by Eric Comrie with a rebound.
2:07 of 3rd period - Slapshot by Marcus Pettersson.
2:07 of 3rd period - Shot Blocked by Nikita Zadorov.
2:09 of 3rd period - Snap shot by Brandon Pirri.
2:09 of 3rd period - Stopped by Eric Comrie with a rebound.
2:19 of 3rd period - Christian Hanson is hit by Ben Hanowski and loses puck.
3:26 of 3rd period - Snap shot by Austin Watson.
3:26 of 3rd period - Goal by Austin Watson - Royaux : 3 - River Frogs : 4.
3:27 of 3rd period - Dominik Simon wins face-off versus Dylan Larkin in neutral zone.
4:12 of 3rd period - Minor Penalty to Christian Hanson for Holding.
4:13 of 3rd period - Dylan Larkin wins face-off versus Emerson Etem in River Frogs zone.
4:16 of 3rd period - Snap shot by Ben Hanowski.
4:16 of 3rd period - Stopped by Eric Comrie with a rebound.
4:18 of 3rd period - Slapshot by Ben Hanowski.
4:18 of 3rd period - Goal by Ben Hanowski - Royaux : 4 - River Frogs : 4.
4:19 of 3rd period - Christian Hanson wins face-off versus Dylan Larkin in neutral zone.
4:42 of 3rd period - Icing by Dylan Larkin.
4:43 of 3rd period - Dominik Simon wins face-off versus Mathew Barzal in Royaux zone.
4:44 of 3rd period - Snap shot by Matt Calvert.
4:44 of 3rd period - Stopped by Olivier Roy without a rebound.
4:45 of 3rd period - Mathew Barzal wins face-off versus Dominik Simon in Royaux zone.
4:56 of 3rd period - Slapshot by Travis Sanheim.
4:56 of 3rd period - Stopped by Eric Comrie without a rebound.
4:57 of 3rd period - Dylan Larkin wins face-off versus Christian Hanson in River Frogs zone.
5:06 of 3rd period - Wrist shot by Ben Hanowski.
5:06 of 3rd period - Shot Misses the Net.
5:08 of 3rd period - Wrist shot by Dylan Larkin.
5:08 of 3rd period - Stopped by Eric Comrie with a rebound.
5:10 of 3rd period - Snap shot by Dylan Larkin.
5:10 of 3rd period - Shot Misses the Net.
5:12 of 3rd period - Slapshot by Jordie Benn.
5:12 of 3rd period - Shot Hit the Post.
5:41 of 3rd period - Danny Kristo is hit by Timothy Kunes and loses puck.
6:12 of 3rd period - Snap shot by Vladislav Namestnikov.
6:12 of 3rd period - Stopped by Eric Comrie without a rebound.
6:13 of 3rd period - Christian Hanson wins face-off versus Dylan Larkin in River Frogs zone.
6:18 of 3rd period - Ben Hanowski is hit by Andrew Gordon and loses puck.
6:50 of 3rd period - Slapshot by Matt Calvert.
6:50 of 3rd period - Goal by Matt Calvert - Royaux : 4 - River Frogs : 5.
6:51 of 3rd period - Dylan Larkin wins face-off versus Christian Hanson in neutral zone.
7:00 of 3rd period - Snap shot by Dylan Larkin.
7:00 of 3rd period - Shot Misses the Net.
7:18 of 3rd period - Travis Sanheim is hit by Timothy Kunes and loses puck.
7:37 of 3rd period - Snap shot by Sonny Milano.
7:37 of 3rd period - Stopped by Eric Comrie with a rebound.
7:39 of 3rd period - Slapshot by Jordie Benn.
7:39 of 3rd period - Shot Blocked by Nikita Zadorov.
7:41 of 3rd period - Slapshot by Jordie Benn.
7:41 of 3rd period - Stopped by Eric Comrie with a rebound.
7:43 of 3rd period - Slapshot by Ian McCoshen.
7:43 of 3rd period - Shot Misses the Net.
7:45 of 3rd period - Wrist shot by Phil Oreskovic.
7:45 of 3rd period - Stopped by Eric Comrie without a rebound.
7:46 of 3rd period - Dylan Larkin wins face-off versus Christian Hanson in River Frogs zone.
7:47 of 3rd period - Snap shot by Tye McGinn.
7:47 of 3rd period - Deflect By Dylan Larkin.
7:47 of 3rd period - Stopped by Eric Comrie with a rebound.
7:49 of 3rd period - Snap shot by Tye McGinn.
7:49 of 3rd period - Stopped by Eric Comrie with a rebound.
8:12 of 3rd period - Off-side.
8:13 of 3rd period - Jared Knight wins face-off versus Mathew Barzal in neutral zone.
8:39 of 3rd period - Jared Knight is hit by Rourke Chartier and loses puck.
9:18 of 3rd period - Wrist shot by Justin Florek.
9:18 of 3rd period - Goal by Justin Florek - Royaux : 4 - River Frogs : 6.
9:18 of 3rd period - Igor Shesterkin enters game.
9:19 of 3rd period - Andrew Gordon wins face-off versus Dylan Larkin in neutral zone.
9:32 of 3rd period - Wrist shot by Andrew Gordon.
9:32 of 3rd period - Deflect By Dylan Larkin.
9:32 of 3rd period - Shot Misses the Net.
9:32 of 3rd period - Puck is out of play.
9:33 of 3rd period - Christian Hanson wins face-off versus Mathew Barzal in Royaux zone.
9:34 of 3rd period - Wrist shot by Emerson Etem.
9:34 of 3rd period - Stopped by Igor Shesterkin without a rebound.
9:35 of 3rd period - Christian Hanson wins face-off versus Mathew Barzal in Royaux zone.
9:47 of 3rd period - Minor Penalty to Brandon Pirri for Interference.
9:48 of 3rd period - Danny Kristo wins face-off versus Christian Hanson in Royaux zone.
11:47 of 3rd period - Penalty to Brandon Pirri is over, Brandon Pirri is back on ice.
13:40 of 3rd period - Wrist shot by Morgan Rielly.
13:40 of 3rd period - Shot Misses the Net.
13:42 of 3rd period - Slapshot by Ondrej Kase.
13:42 of 3rd period - Stopped by Igor Shesterkin with a rebound.
14:44 of 3rd period - Snap shot by Bobby Farnham.
14:44 of 3rd period - Shot Misses the Net.
15:52 of 3rd period - Snap shot by Emerson Etem.
15:52 of 3rd period - Goal by Emerson Etem - Royaux : 4 - River Frogs : 7.
15:53 of 3rd period - Mathew Barzal wins face-off versus Christian Hanson in neutral zone.
15:58 of 3rd period - Wrist shot by Kasperi Kapanen.
15:58 of 3rd period - Stopped by Eric Comrie without a rebound.
15:59 of 3rd period - Mathew Barzal wins face-off versus Emerson Etem in River Frogs zone.
16:32 of 3rd period - Wrist shot by Tye McGinn.
16:32 of 3rd period - Stopped by Eric Comrie with a rebound.
17:24 of 3rd period - Kasperi Kapanen is hit by Andrew Gordon and loses puck.
17:52 of 3rd period - Snap shot by Danny Kristo.
17:52 of 3rd period - Shot Misses the Net.
18:18 of 3rd period - Wrist shot by Justin Florek.
18:18 of 3rd period - Shot Misses the Net.
18:48 of 3rd period - Minor Penalty to Mathew Barzal for Diving.
18:49 of 3rd period - Danny Kristo wins face-off versus Andrew Gordon in Royaux zone.
18:49 of 3rd period - Danny Kristo is hit by Christian Hanson.
19:46 of 3rd period - Dominik Simon is hit by Brendan Woods and loses puck.
Goals for this period are 1 for Royaux vs 4 for River Frogs.
Shots for this period are 18 for Royaux vs 8 for River Frogs.